Map: Tempio ghiacciato

Players

Kapador

  • Race: Zerg Zerg
  • League: Gold

Jhyrachy - Winner!

  • Race: Zerg Zerg
  • League: Gold

VOD

Have the link to the VOD?

Description

Time

  • Played on: May 22, 2016, 3:57 p.m.
  • Length: 3:44
Show
View Real Time Build Order
Export as new Build Order

Kapador Zerg 

Build Orders: Hatch First 

Get SALT Encoding   

  12  0:01  Drone  
  13  0:08  Drone  
  14  0:19  Overlord  
  14  0:45  Drone  
  14  0:46  Hatchery  
  14  0:52  Drone  
  14  0:54  Drone  
  16  1:01  Drone  
  17  1:14  Spawning Pool  
  17  1:17  Drone  
  17  1:26  Drone  
  17  1:28  Extractor  
  17  1:30  Overlord  
  17  1:40  Drone  
  18  1:56  Drone  
  19  2:01  Queen  
  19  2:03  Queen  
  19  2:06  Zergling x4  
  25  2:10  Drone  
  26  2:21  Roach Warren, Drone  
  26  2:24  Zergling x2  
  26  2:27  Drone  
  28  2:32  Drone  
  28  2:36  Drone  
  30  2:49  Drone x2  
  32  2:57  Extractor  
  29  3:04  Evolution Chamber  
  28  3:06  Spine Crawler  
  28  3:08  Spine Crawler  
  28  3:12  Zergling x4  
  28  3:16  Roach  
Show
View Real Time Build Order
Export as new Build Order

Jhyrachy Zerg - Winner!

Build Orders: Pool First 

Get SALT Encoding   

  12  0:01  Drone  
  13  0:14  Drone  
  13  0:17  Overlord  
  14  0:35  Spawning Pool  
  14  0:36  Extractor  
  14  0:40  Drone  
  13  0:44  Drone  
  13  0:48  Drone  
  15  1:06  Drone x2  
  17  1:22  Queen  
  17  1:23  Overlord  
  19  1:34  Zergling x2  
  19  1:39  Metabolic Boost  
  20  1:41  Zergling x2  
  20  1:46  Zergling x2  
  22  2:03  Hatchery  
  22  2:05  Zergling x2  
  22  2:17  Zergling x2  
  22  2:19  Zergling x2  
  24  2:34  Zergling x2  
  24  2:35  Zergling x2  
  24  2:36  Overlord, Zergling x2  
  27  3:03  Zergling x2  
  27  3:04  Zergling x8  
Tags
 
Add a new tag
Caveats
  • Supply blocks, unpowered buildings, or Contaminate may cause inaccurate times.
  • Supply counts are checked every 10 seconds.